 Dungeon Crawl Stone Soup version 0.23.2-1-ga50397a6bc (webtiles) character file.

Game seed: 2699834835888748410

86 b4heroes the Shield-Bearer (level 4, 0/44 HPs)
             Began as a Troll Fighter on May 12, 2019.
             Slain by a worm (7 damage)
             ... on level 3 of the Dungeon.
             The game lasted 00:19:28 (719 turns).

b4heroes the Shield-Bearer (Troll Fighter)           Turns: 719, Time: 00:19:28

Health: 0/44       AC:  6    Str: 25    XL:     4   Next: 27%
Magic:  3/3        EV:  8    Int:  4    God:
Gold:   56         SH:  0    Dex:  9    Spells: 3/3 levels left

rFire    . . .     SeeInvis .   a - +0 flail
rCold    . . .     Gourm    +   c - +0 shield
rNeg     . . .     Faith    .   b - +0 robe
rPois    .         Spirit   .   (helmet restricted)
rElec    .         Reflect  .   (no cloak)
rCorr    .         Harm     .   (gloves unavailable)
MR       .....                  (boots unavailable)
Stlth    +.........             (no amulet)
HPRegen  0.54/turn              (no ring)
MPRegen  0.08/turn              (no ring)

@: confused
A: large, unfitting armour, claws 3, fast metabolism 3, gourmand, regeneration
1, shaggy fur 1, tough skin 3
a: no special abilities


You were on level 3 of the Dungeon.
You were very full.

You visited 1 branch of the dungeon, and saw 3 of its levels.

You collected 56 gold pieces.

Inventory:

Hand Weapons
 a - a +0 flail (weapon)
 i - a +0 dagger
 j - a +0 club
 n - a +0 dagger
 o - a +0 dagger
 p - a +0 club
 r - a +0 dagger
 u - a cursed -2 dagger
 v - a +0 dagger
 y - a +0 short sword
Missiles
 h - 46 stones (quivered)
Armour
 b - a +0 robe (worn)
 c - a +0 shield (worn)
 s - a +0 animal skin
 t - a +0 helmet
Scrolls
 e - 2 scrolls of amnesia {unknown}
 g - a scroll of remove curse {unknown}
 k - 3 scrolls of enchant weapon {unknown}
 m - a scroll of enchant armour {unknown}
 w - a scroll of fog {unknown}
 A - a scroll of magic mapping {unknown}
Potions
 d - a potion of might
 l - a potion of heal wounds {unknown}
 x - a potion of haste {unknown}
 z - a potion of berserk rage {unknown}
Comestibles
 f - 7 rations
 q - 2 chunks of flesh


   Skills:
 + Level 2.8 Fighting
 + Level 2.9 Maces & Flails
 + Level 2.8 Dodging
 + Level 3.0 Shields


You had 3 spell levels left.
You didn't know any spells.
Your spell library was empty.

Dungeon Overview and Level Annotations

Branches:
Dungeon (3/15)

Altars:
Cheibriados


Innate Abilities, Weirdness & Mutations

You are too large for most types of armour.
You have claws for hands.
Your metabolism is lightning-fast.
You like to eat raw meat.
Your natural rate of healing is unusually fast.
You are covered in fur. (AC +1)
You have extremely tough skin. (AC +3)


Message History

You closely miss the orc wizard. The orc wizard closely misses you.
Something hits you. The worm bites you.
The orc wizard hits you with a +0 dagger.
You bump into the rock wall.
Something hits you but does no damage.
The orc wizard hits you with a +0 dagger.
* * * LOW HITPOINT WARNING * * *
You sock the worm!
The worm is heavily wounded.
You hear some strange, mumbled words.
Something tries to affect you, but you resist.
The worm bites you.
* * * LOW HITPOINT WARNING * * *
The orc wizard hits you with a +0 dagger.
* * * LOW HITPOINT WARNING * * *
Something hits you.
* * * LOW HITPOINT WARNING * * *
The orc wizard hits you with a +0 dagger.
* * * LOW HITPOINT WARNING * * *
The worm bites you!
You die...

...... #......÷.............
..... #......÷..........#..
....# ###...................#
....###........####.<#....#..
>............................
.............................
..........)....####.w..##....
..........)#...o.##....# ....
...........#...{@w.....## ..
........................#
........................#
....####................#
....####.........###...##
....#.......####.###...#
###.........#......÷...##.
#.........#..............
###........##..............


You could see a worm and an orc wizard.

Vanquished Creatures
  Robin (D:2)
  3 adders (D:3)
  A worm (D:2)
  A dart slug (D:2)
  A leopard gecko (D:2)
  3 orcs (D:3)
  A bat (D:1)
  A giant cockroach (D:1)
  12 goblins
  5 hobgoblins
  2 quokkas (D:3)
  3 frilled lizards
  A kobold (D:2)
  2 rats
37 creatures vanquished.

Notes
Turn   | Place    | Note
-------+----------+-------------------------------------------
     0 | D:1      | b4heroes the Troll Fighter began the quest for the Orb.
     0 | D:1      | Reached XP level 1. HP: 22/22 MP: 0/0
   102 | D:1      | Reached XP level 2. HP: 29/29 MP: 1/1
   267 | D:2      | Noticed Robin
   293 | D:2      | Killed Robin
   293 | D:2      | Reached XP level 3. HP: 27/36 MP: 2/2
   456 | D:2      | Found a snail-covered altar of Cheibriados.
   538 | D:3      | Reached XP level 4. HP: 32/44 MP: 3/3
   677 | D:3      | Reached skill level 3 in Shields
   719 | D:3      | Slain by a worm

Skill      XL: |  1  2  3  4 |
---------------+-------------+-----
Maces & Flails | 2 |  2.9
Shields        | 3 |  3.0
Fighting       | |  2.8
Dodging        | |  2.8

Action                   |  1- 3 |  4- 6 || total
-------------------------+-------+-------++-------
Melee: Flail             |   120 |    31 ||   151
  Eat: Chunk             |    11 |     1 ||    12
Armor: Robe              |    54 |    18 ||    72
Dodge: Dodged            |    47 |     5 ||    52
Block: Shield            |    61 |    14 ||    75
